 Dungeon Crawl Stone Soup version 0.19-a0-1127-gac58878 (webtiles) character file.

34 rlgrobin the Caller (level 3, 0/19 HPs)
             Began as a Deep Elf Summoner on Aug 12, 2016.
             Slain by an adder (2 damage)
             ... on level 2 of the Dungeon.
             The game lasted 00:07:21 (1514 turns).

rlgrobin the Caller (Deep Elf Summoner)             Turns: 1514, Time: 00:07:21

Health: 0/19       AC:  2    Str:  5    XL:     3   Next: 14%
Magic:  9/9        EV: 13    Int: 20    God:
Gold:   30         SH:  2    Dex: 15    Spells: 3 memorised, 2 levels left

rFire  . . .     SeeInvis .     k - +3 dagger
rCold  . . .     Gourm    .     a - +0 robe
rNeg   . . .     Faith    .     (no shield)
rPois  .         Spirit   .     (no helmet)
rElec  .         Dismiss  .     (no cloak)
rCorr  .         Reflect  +     (no gloves)
SustAt .         Harm     .     (no boots)
MR     .....                    o - +2 amulet of reflection
Stlth  ++........               (no ring)
                                (no ring)

@:
A: no striking features
a: no special abilities


You were on level 2 of the Dungeon.
You were not hungry.

You visited 1 branch of the dungeon, and saw 2 of its levels.

You collected 30 gold pieces.


   Skills:
 - Level 2.4 Dodging
 - Level 2.4 Stealth
 - Level 3.0 Spellcasting
 + Level 5.5 Summonings


You had 2 spell levels left.
You knew the following spells:

 Your Spells              Type           Power        Failure   Level  Hunger
c - Call Canine Familiar  Summ           ####....     6%          3    ###....
x - Call Imp              Summ           ####....     2%          2    ##.....
z - Summon Small Mammal   Summ           ####         1%          1    None

Inventory:

Hand Weapons
 k - a +3 dagger (weapon)
Armour
 a - a +0 robe (worn)
Jewellery
 o - a +2 amulet of reflection (around neck)
Scrolls
 e - a scroll of teleportation {unknown}
 g - a scroll of enchant weapon {unknown}
 h - a scroll of immolation {unknown}
 i - 3 scrolls of identify {unknown}
 j - 3 scrolls of amnesia {unknown}
 l - a scroll of magic mapping {unknown}
 m - a scroll of blinking {unknown}
Potions
 n - a potion of brilliance {unknown}
Books
 b - a book of Callings

   Spells                             Type                      Level
   a - Summon Small Mammal            Summoning                    1
   b - Call Imp                       Summoning                    2
   c - Call Canine Familiar           Summoning                    3
   d - Summon Guardian Golem          Hexes/Summoning              3
   e - Summon Lightning Spire         Summoning/Air                4
   f - Summon Ice Beast               Ice/Summoning                4
Comestibles
 c - a bread ration
 f - a royal jelly
 p - 2 chunks of flesh

Dungeon Overview and Level Annotations

Branches:
Dungeon (2/15)

Altars:

...........)....▒
...........÷....▒
..............).▒
.............▒▒▒▒
▒▒......▒▒▒▒.▒▒
▒▒▒▒▒▒▒▒ ▒..▒▒▒
▒....▒▒▒▒▒▒.▒
▒...........▒
▒..£.e......▒
▒.....S.....▒
▒...........▒
▒...........▒
▒▒▒.........▒
▒..........
▒..........
▒..........


You could see an adder.


Message History

The adder is lightly wounded.
The adder bites you.
* * * LOW HITPOINT WARNING * * *
You hit the adder.
The adder is heavily wounded.
The adder closely misses you.
You closely miss the adder.
The adder is heavily wounded.
The adder barely misses you. You block the adder's attack.
You barely miss the adder.
The adder is heavily wounded.
The adder bites you.
* * * LOW HITPOINT WARNING * * *
You are lethally poisoned!
The adder poisons you!
You hit the adder.
The adder is severely wounded.
* * * LOW HITPOINT WARNING * * *
You feel sick. The adder bites you.
* * * LOW HITPOINT WARNING * * *
You are more poisoned.
The adder poisons you!
It was a potion of curing.
You feel better. The adder bites you.
* * * LOW HITPOINT WARNING * * *
The adder bites you.
You die...

Action                   || total
-------------------------++-------
Melee: Unarmed           ||     8
       Dagger            ||    51
 Cast: Summon Small Mamm ||    22
       Call Imp          ||     3
  Use: Potion            ||     1
 Stab: Sleeping          ||     7
  Eat: Chunk             ||     2
Armor: Robe              ||     9
Dodge: Dodged            ||    58
Block: Other             ||     1

Vault maps used:
D:1:      wheals_arrival_shading, minmay_pentomino_u4
D:2:      first_bread, uniq_crazy_yiuf_cottage

Notes
Turn   | Place    | Note
-------+----------+-------------------------------------------
     0 | D:1      | rlgrobin the Deep Elf Summoner began the quest for the Orb.
     0 | D:1      | Reached XP level 1. HP: 10/10 MP: 6/6
   362 | D:1      | Reached XP level 2. HP: 10/15 MP: 8/8
   393 | D:1      | Learned a level 2 spell: Call Imp
   610 | D:1      | Reached skill level 5 in Summonings
  1181 | D:1      | Reached XP level 3. HP: 9/19 MP: 9/9
  1200 | D:1      | Learned a level 3 spell: Call Canine Familiar
  1513 | D:2      | HP: 1/19 [adder (5)]
  1514 | D:2      | Slain by an adder

Vanquished Creatures
  2 giant cockroaches (D:1)
  6 goblins
  A hobgoblin (D:2)
  A kobold (D:1)
  2 bats (D:1)
  4 giant newts
  2 rats (D:1)
18 creatures vanquished.

Vanquished Creatures (collateral kills)
  A gnoll (D:1)
  An ooze (D:1)
  A giant gecko (D:1)
  A bat (D:1)
  A giant cockroach (D:1)
  4 goblins (D:1)
  2 kobolds (D:1)
  A rat (D:1)
12 creatures vanquished.

Grand Total: 30 creatures vanquished
